Map: Baie du Roi EC

Players

Souv - Winner!

  • Race: Protoss Protoss
  • League: Master
  • Spawn Location: 5:00

XueGlo

  • Race: Protoss Protoss
  • League: Platinum
  • Spawn Location: 11:00

VOD

Have the link to the VOD?

Description

Time

  • Played on: March 1, 2025, 4:56 a.m.
  • Length: 13:13
Show
View Real Time Build Order
Export as new Build Order

Souv Protoss - Winner!

Build Orders:  

Get SALT Encoding   

  12  0:00  Probe  
  13  0:12  Probe  
  14  0:21  Pylon  
  14  0:24  Probe  
  15  0:38  Probe  
  15  0:41  Gateway  
  16  0:46  Probe  
  16  0:55  Assimilator  
  16  0:57  Probe  
  17  0:59  Assimilator  
  18  1:10  Probe  
  19  1:16  Gateway  
  19  1:36  Cybernetics Core  
  19  1:38  Probe  
  19  1:39  Pylon  
  20  1:50  Probe  
  21  2:09  Nexus  
  21  2:11  Stalker  
  20  2:16  Stalker  
  20  2:19  Pylon  
  20  2:22  Warp Gate  
  24  2:38  Pylon  
  24  2:41  Probe  
  25  2:53  Probe  
  26  3:05  Probe  
  27  3:12  Robotics Facility  
  27  3:13  Probe  
  28  3:21  Twilight Council, Probe  
  28  3:22  Probe  
  30  3:32  Probe  
  31  3:34  Probe  
  31  3:38  Shield Battery  
  32  3:44  Probe  
  32  3:47  Probe  
  34  3:56  Probe  
  34  3:59  Probe  
  36  4:06  Immortal  
  36  4:09  Probe  
  37  4:14  Stalker  
  43  4:17  Probe  
  43  4:21  Stalker  
  46  4:26  Pylon  
  46  4:27  Probe  
  46  4:29  Pylon  
  47  4:32  Probe  
  47  4:35  Probe  
  48  4:42  Blink  
  48  4:43  Observer  
  49  4:52  Probe  
  50  4:53  Probe  
  50  4:55  Stalker x2  
  56  5:04  Probe  
  57  5:07  Immortal  
  61  5:29  Probe x2  
  61  5:31  Stalker x2  
  67  5:40  Gateway x2  
  67  5:44  Probe x2  
  67  5:45  Pylon  
  67  5:48  Pylon  
  69  5:50  Forge  
  69  5:51  Pylon  
  69  5:56  Immortal  
  73  6:08  Stalker  
  73  6:09  Stalker  
  77  6:13  Assimilator  
  77  6:16  Assimilator  
  77  6:32  Stalker  
  79  6:33  Stalker  
  81  7:03  Nexus  
  81  7:07  Pylon  
  81  7:13  Protoss Ground Weapons Level 1  
  81  7:20  Stalker x2  
  81  7:21  Stalker x2  
  89  7:26  Photon Cannon  
  89  7:31  Photon Cannon  
  89  7:50  Stalker x3  
  89  7:51  Stalker  
  97  7:56  Pylon  
  97  8:00  Robotics Facility  
  97  8:02  Probe  
  97  8:03  Probe, Warp Prism, Robotics Bay  
  97  8:05  Pylon  
  99  8:09  Pylon  
  99  8:18  Stalker x4  
  109  8:24  Probe x2  
  111  8:28  Probe  
  112  8:36  Probe  
  112  8:37  Probe  
  96  8:58  Extended Thermal Lance  
  96  9:01  Colossus  
  96  9:03  Probe x3  
  96  9:04  Stalker x2  
  96  9:05  Colossus, Stalker x2  
  107  9:15  Probe  
  120  9:21  Probe x2  
  122  9:27  Probe  
  122  9:31  Probe  
  123  9:33  Probe  
  123  9:34  Shield Battery  
  123  9:35  Probe  
  123  9:36  Pylon  
  123  9:38  Pylon  
  125  9:39  Probe  
  125  9:43  Probe  
  125  9:45  Probe  
  128  9:49  Gateway  
  128  9:50  Gateway  
  128  9:52  Gateway  
  129  9:53  Gateway  
  129  9:54  Stalker  
  129  9:56  Stalker  
  129  9:57  Probe  
  129  9:58  Stalker  
  135  10:19  Stalker  
  135  10:20  Assimilator, Stalker  
  138  10:22  Assimilator  
  138  10:24  Colossus  
  138  10:31  Protoss Ground Weapons Level 2  
  144  10:41  Pylon  
  144  10:42  Pylon  
  144  10:43  Pylon  
  144  10:45  Probe x3  
  144  10:47  Stalker  
  144  10:49  Colossus  
  149  11:00  Pylon  
  149  11:01  Pylon  
  149  11:02  Pylon  
  155  11:04  Pylon, Stalker  
  155  11:05  Stalker x3  
  163  11:12  Observer  
  163  11:23  Photon Cannon  
  164  11:33  Stalker x4  
  164  11:34  Stalker x4  
  180  11:45  Forge  
  180  12:28  Stalker x6  
  180  12:29  Stalker x2  
Show
View Real Time Build Order
Export as new Build Order

XueGlo Protoss 

Build Orders: Blink Stalkers 

Get SALT Encoding   

  1  0:00  Probe  
  12  0:04  Probe  
  14  0:20  Pylon  
  14  0:22  Probe  
  15  0:38  Probe  
  15  0:40  Forge  
  16  0:50  Probe  
  16  0:54  Gateway  
  17  0:59  Probe  
  18  1:07  Assimilator  
  18  1:16  Photon Cannon  
  18  1:17  Probe  
  18  1:25  Assimilator  
  19  1:32  Probe  
  20  1:42  Cybernetics Core  
  20  1:44  Probe  
  21  1:53  Pylon  
  21  1:56  Probe  
  23  2:08  Probe  
  23  2:14  Warp Gate  
  23  2:16  Gateway  
  23  2:20  Stalker  
  23  2:29  Twilight Council  
  25  2:33  Probe  
  26  2:47  Stalker  
  27  3:01  Stalker  
  29  3:09  Probe  
  30  3:18  Blink  
  30  3:21  Pylon  
  30  3:36  Stalker  
  30  3:37  Stalker  
  34  4:09  Pylon, Protoss Ground Weapons Level 1  
  34  4:15  Stalker x2  
  38  4:31  Pylon  
  38  4:45  Gateway  
  38  4:49  Stalker x2  
  36  5:15  Stalker x2  
  40  5:25  Robotics Facility  
  40  5:34  Nexus  
  40  5:48  Probe  
  41  5:56  Pylon  
  41  6:00  Probe  
  42  6:04  Adept x2  
  46  6:12  Probe  
  46  6:16  Observer  
  48  6:34  Immortal  
  52  6:42  Charge  
  52  6:49  Zealot x3  
  58  6:54  Probe  
  59  7:06  Probe  
  59  7:08  Observer  
  60  7:09  Zealot  
  60  7:10  Zealot  
  60  7:11  Zealot  
  66  7:18  Probe  
  67  7:43  Pylon  
  67  7:44  Pylon, Probe  
  67  7:45  Probe  
  67  7:48  Protoss Shields Level 1  
  69  7:56  Probe  
  70  8:01  Immortal, Probe  
  75  8:08  Probe  
  75  8:10  Zealot x3  
  82  8:31  Zealot x2  
  86  8:39  Observer  
  61  8:48  Immortal  
  61  8:49  Zealot  
  61  8:51  Zealot x2  
  67  9:02  Assimilator x2  
  71  9:04  Probe  
  73  9:10  Probe  
  73  9:14  Probe  
  74  9:17  Robotics Facility  
  74  9:18  Zealot x3  
  74  9:22  Probe  
  81  9:26  Probe  
  82  9:34  Probe  
  83  9:38  Zealot  
  83  9:45  Pylon  
  85  9:47  Pylon  
  85  9:50  Pylon  
  85  10:03  Zealot  
  85  10:04  Zealot x2  
  91  10:09  Robotics Bay  
  91  10:30  Immortal  
  91  10:31  Immortal  
  91  10:35  Nexus  
  99  10:52  Pylon  
  99  10:58  Colossus  
  99  11:00  Colossus  
  99  11:02  Extended Thermal Lance  
  111  11:16  Zealot x3  
  117  11:20  Pylon  
  117  11:45  Pylon  
  117  11:50  Pylon  
  117  12:06  Pylon  
  117  12:14  Colossus  
  123  12:18  Pylon  
  123  12:25  Zealot  
  125  12:42  Pylon  
Tags
 
Composition
Blink Stalkers
Matchup
PvP
Spawn Locations
Cross Positions
Add a new tag
Caveats
  • Supply blocks, unpowered buildings, or Contaminate may cause inaccurate times.
  • Supply counts are checked every 10 seconds.